 Dungeon Crawl Stone Soup version 0.32-a0-859-gb0a091d592 (webtiles) character file.

Game seed: 2644322139410255803

77 holysushi the Digger (level 4, 0/27 HPs)
             Began as an Octopode Earth Elementalist on Mar 27, 2024.
             Slain by a scorpion (1 damage)
             ... on level 2 of the Dungeon.
             The game lasted 00:04:31 (2192 turns).

holysushi the Digger (Octopode Earth Elementalist)  Turns: 2192, Time: 00:04:31

Health: 0/27       AC:  1    Str:  7    XL:     4   Next: 33%
Magic:  7/7        EV: 12    Int: 19    God:
Gold:   74         SH:  0    Dex: 12    Spells: 0/8 levels left

rFire   . . .        b - +0 short sword
rCold   . . .        (no shield)
rNeg    . . .        (helmet restricted)
rPois   .            (no amulet)
rElec   .            (no ring)
rCorr   .            (no ring)
SInv    .            (no ring)
Will    .....        (no ring)
Stlth   ++           (no ring)
HPRegen 0.24/turn    (no ring)
MPRegen 0.10/turn    (no ring)
                     (no ring)

%: no passive effects
@: confused, ambrosia-drunk
A: almost no armour, amphibious, 8 rings, camouflage 1, gelatinous body 1,
(nimble swimmer 1), tentacles
a: no special abilities


You were on level 2 of the Dungeon.
You visited 1 branch of the dungeon, and saw 3 of its levels.

You collected 74 gold pieces.

Inventory:

Hand Weapons
 b - a +0 short sword (weapon)
Scrolls
 c - 2 scrolls of identify {unknown}
 d - a scroll of revelation {unknown}
 e - a scroll of noise {unknown}
 g - a scroll of enchant armour {unknown}
 h - a scroll of poison {unknown}
Potions
 a - a potion of magic
 i - a potion of berserk rage {unknown}
 j - a potion of cancellation {unknown}
 k - a potion of degeneration {unknown}


   Skills:
 + Level 0.0 Fighting
 - Level 2.0 Dodging
 - Level 2.7 Stealth
 + Level 2.6 Spellcasting
 + Level 1.0 Conjurations
 + Level 4.5 Earth Magic


You couldn't memorise any spells.
You knew the following spells:

 Your Spells              Type           Power      Damage    Failure   Level
a - Sandblast             Erth           38%        2d10      2%          1
b - Stone Arrow           Conj/Erth      26%        3d8       16%         3
c - Brom's Barrelling Bo  Conj/Erth      13%        2d4       45%         4

Your spell library contained the following spells:

 Spells                   Type           Power      Damage    Failure   Level
 Passwall                 Erth           19%        N/A       8%          3
 Petrify                  Alch/Erth      11%        N/A       52%         4


Dungeon Overview and Level Annotations

Branches:
Dungeon (3/15) Zot: 15774

Altars:

Shops:
D:1 !=[?[   D:2 :


Innate Abilities, Weirdness & Mutations

You cannot wear most types of armour.
You are amphibious.
You can wear up to eight rings at the same time.
Your skin changes colour to match your surroundings (Stealth+).
Your rubbery body absorbs attacks. (AC +1, EV +1)
((You are camouflaged when in or above water. (Stealth+)))
You have tentacles for arms and can constrict up to eight enemies at once.


Message History

You feel very sick.
There is a stone staircase leading down here.
Casting: Sandblast (safe; 2% risk of failure)
Confirm with . or Enter, or press ? or * to list all spells.
Aiming: Sandblast (safe; 2% risk of failure)
Press: ? - help, Shift-Dir - straight line, f - scorpion
Aim: a scorpion (moderately wounded, 82% to hit)
The blast of sand misses the scorpion.
You feel very sick. The scorpion closely misses you. The scorpion stings you.
Casting: Sandblast (safe; 2% risk of failure)
Confirm with . or Enter, or press ? or * to list all spells.
Aiming: Sandblast (safe; 2% risk of failure)
Press: ? - help, Shift-Dir - straight line, f/p - scorpion
Aim: a scorpion (moderately wounded, 82% to hit)
The blast of sand hits the scorpion!
The scorpion is almost dead.
You feel sick. The scorpion stings you.
* * * LOW HITPOINT WARNING * * *
Casting: Sandblast (safe; 2% risk of failure)
Confirm with . or Enter, or press ? or * to list all spells.
Aiming: Sandblast (safe; 2% risk of failure)
Press: ? - help, Shift-Dir - straight line, f/p - scorpion
Aim: a scorpion (almost dead, 82% to hit)
The blast of sand misses the scorpion.
* * * LOW HITPOINT WARNING * * *
You feel sick.
The scorpion stings you but does no damage.
The scorpion closely misses you.
It was a potion of ambrosia.
You are confused.
You feel invigorated.
You feel sick. The scorpion closely misses you.
You're too confused to cast spells.
Unknown command.
You feel sick.
You are no longer poisoned.
The scorpion stings you!
* * * LOW HITPOINT WARNING * * *
The scorpion stings you.
You die...

##.##.# #........######.....#
##..##.# ##.#####..# ###..##
##..#...# ###.# ##.# ##....##
##..#..#####...# #)####..##.##
...#..## #...### #.#....###...
..##.#####.##########...#### ##.#
#.##.......#.....##......### #.#
.................[..####...## #.#
................@..## ##...###.#
................>s.# #..#..##.#
................÷..# ###......(..
#..................# #...###.....
#.#...<............# #.#..#......
...................# #.##)(.#....
...........÷.......###.#..[##.#.#
....#.....##.....#.......#..#.#.#
....##...###########....###.....#


You could see a scorpion.

Vanquished Creatures
  2 adders (D:2)
  2 dart slugs (D:1)
  An orc (D:3)
  7 ball pythons
  An endoplasm (D:2)
  3 giant cockroaches
  6 goblins
  6 hobgoblins
  4 jackals (D:1)
  3 quokkas
  3 bats
  A frilled lizard (D:2)
  4 kobolds
  5 rats
48 creatures vanquished.

Notes
Turn   | Place    | Note
-------+----------+-------------------------------------------
     0 | D:1      | holysushi the Octopode Earth Elementalist began the quest
                  | for the Orb.
     0 | D:1      | Reached XP level 1. HP: 11/11 MP: 3/3
   171 | D:1      | Reached XP level 2. HP: 17/17 MP: 3/5
   261 | D:1      | Found Runeolo's Antique Armour Shop.
   276 | D:1      | Found Rinyxioj's Jewellery Shop.
   323 | D:1      | Found Cusil's Magic Scroll Emporium.
   513 | D:1      | Found Wuuvug's Armour Shop.
   820 | D:1      | Found Xyaxtih's Distillery.
  1014 | D:1      | Reached skill level 4 in Earth Magic
  1014 | D:1      | Reached XP level 3. HP: 21/21 MP: 3/6
  1115 | D:1      | Learned a level 3 spell: Stone Arrow
  1489 | D:2      | Found Ecucs's Book Shop.
  1588 | D:2      | Reached XP level 4. HP: 5/27 MP: 4/7
  2138 | D:2      | Learned a level 4 spell: Brom's Barrelling Boulder
  2179 | D:3      | Noticed a scorpion
  2192 | D:2      | HP: 1/27 [scorpion (7)]
  2192 | D:2      | Slain by a scorpion

Illustrated notes

Levels and vault maps discovered:
D:1:      shiori_shiawase, layout_loops_ring, serial_co_window_serial,
          co_window_paths_b, co_window_corner_a, co_window_of_opportunity_a,
          co_window_cross_1, co_window_paths_b, co_window_corner_b,
          co_window_broadway_a, co_window_broadway_a, co_window_sun,
          serial_shops, nicolae_shop_just_a_little_nook,
          nicolae_shop_rolling_square, nicolae_shop_crystal, shop,
          nicolae_shop_hallway_plus, minmay_fountain_box
D:2:      layout_rooms, serial_shops, nicolae_shop_waterfront,
          nrook_mini_vaults, minmay_tetromino_t4
D:3:      layout_loops_ring, minmay_ruptured

Skill      XL: |  1  2 |
---------------+-------+-----
Earth Magic    | 4 |  4.5
Dodging        | |  2.0
Stealth        | |  2.7
Spellcasting   | |  2.6
Conjurations   | |  1.0

Action                     |  1- 3 |  4- 6 || total
---------------------------+-------+-------++-------
  Melee: Constrict         |     2 |       ||     2
         Unarmed           |     1 |       ||     1
         Short sword       |     5 |       ||     5
         Tentacles         |     3 |       ||     3
   Cast: Sandblast         |    44 |    23 ||    67
    Use: Potion            |       |     1 ||     1
 Armour: Skin              |    12 |     9 ||    21
  Dodge: Dodged            |    13 |    12 ||    25

Table legend: (Time is in decaauts)
 A = Elapsed time spent in this place.
 B = Non-inter-level travel time spent in this place.
 C = Inter-level travel time spent in this place.
 D = Time resting spent in this place.
 E = Time spent auto-exploring this place.
 F = Levels seen in this place.
 G = Mean time per level.
                   A        B        C        D        E       F      G
               +--------+--------+--------+--------+--------+-----+--------+
         Total |   2225 |   2156 |     69 |    120 |   1702 |   3 |  741.7 |
       Dungeon |   2225 |   2156 |     69 |    120 |   1702 |   3 |  741.7 |
               +--------+--------+--------+--------+--------+-----+--------+

Top non-repeatable levels by time:
     D:1: 1444 daAuts
     D:2: 744 daAuts
     D:3: 36 daAuts
